Washington Capitals vs Edmonton Oilers
Created - Thursday, April 25, 2024 at 06:34
Goals
|
| Washington Capitals |
0 |
0 |
1 |
1 |
| Edmonton Oilers |
0 |
2 |
1 |
3 |
|
Shots
|
| Washington Capitals |
9 |
4 |
21 |
34 |
| Edmonton Oilers |
10 |
17 |
8 |
35 |
|
1st period
No Goal
Penalties :
Michael Mcleod (WSH) for Slashing (Minor) at 14:06, Jason Robertson (WSH) for Goalie Interference (Minor) at 19:22
2nd period
1. Edmonton Oilers , Jake DeBrusk 13 (Mikael Backlund 23, David Perron 18) at 1:21 (PP)
2. Edmonton Oilers , Blake Wheeler 11 (Alex Iafallo 10, Jeff Carter 12) at 4:42
Penalties :
Brandon Carlo (EDM) for High sticking (Minor) at 5:55, Scott Mayfield (EDM) for Tripping (Minor) at 15:55
3rd period
3. Washington Capitals , Brad Marchand 10 (Drake Batherson 16, Nico Hischier 31) at 6:02
4. Edmonton Oilers , Derek Grant 7 (Evan Bouchard 24) at 11:57 (SH)
Penalties :
David Perron (EDM) for Tripping (Minor) at 11:49, Blake Wheeler (EDM) for High sticking (Minor) at 16:21, Dominik Kubalik (WSH) for Elbowing (Minor) at 19:03
Goalie Stats
Jake Oettinger (WSH), 32 saves from 35 shots - (0.914), L, 19-21-5, 60:00 minutes
Juuse Saros (EDM), 33 saves from 34 shots - (0.971), W, 30-22-4, 60:00 minutes
Players Stats for Washington Capitals
Player Name G A P +/- PIM S H SB GA TA FO MP PP MP PK MP
------------------------------------------------------------------------------------
Alex Ovechkin 0 0 0 -1 0 4 1 1 0 0 0/2 20:09 4:32 0:00
Brad Marchand 1 0 1 1 0 5 0 0 0 0 0/2 16:08 0:00 2:42
Brayden Point 0 0 0 -1 0 0 1 0 1 0 14/31 20:23 4:32 0:14
David Savard 0 0 0 0 0 3 0 2 0 1 0/0 25:26 4:54 3:26
Dominik Kubalik 0 0 0 0 2 0 0 0 1 0 0/0 9:15 0:00 0:55
Drake Batherson 0 1 1 1 0 2 2 0 0 1 1/1 16:54 3:24 0:00
Dylan DeMelo 0 0 0 -1 0 0 0 0 0 1 0/0 16:03 3:02 0:00
Erik Johnson 0 0 0 -1 0 1 1 0 0 0 0/0 14:23 0:00 1:28
Ian Cole 0 0 0 0 0 1 1 1 0 2 0/0 19:45 0:00 3:26
Isac Lundestrom 0 0 0 0 0 0 1 0 0 0 0/5 9:04 0:00 1:17
Jason Robertson 0 0 0 -1 2 2 3 0 0 1 0/0 20:03 4:23 0:00
John Carlson 0 0 0 0 0 2 2 3 0 0 0/0 22:44 4:54 0:00
Jordan Kyrou 0 0 0 -1 0 7 0 0 0 0 0/0 9:40 0:00 0:00
Michael Mcleod 0 0 0 -1 2 1 1 0 0 1 4/10 12:01 0:00 1:47
Nick Foligno 0 0 0 0 0 0 1 0 0 0 0/1 10:46 0:09 2:00
Nick Jensen 0 0 0 0 0 2 1 2 1 0 0/0 21:39 3:02 1:28
Nico Hischier 0 1 1 1 0 0 0 0 0 1 9/12 17:26 3:24 0:53
Owen Tippett 0 0 0 -1 0 4 1 0 0 0 2/2 13:14 3:24 0:00
Players Stats for Edmonton Oilers
Player Name G A P +/- PIM S H SB GA TA FO MP PP MP PK MP
------------------------------------------------------------------------------------
Adrian Kempe 0 0 0 -1 0 6 3 0 3 0 1/1 18:26 2:56 0:00
Alex Iafallo 0 1 1 1 0 0 1 1 0 1 0/1 14:17 0:00 3:37
Blake Wheeler 1 0 1 1 2 5 0 1 3 0 1/1 13:31 3:39 0:00
Boone Jenner 0 0 0 -1 0 4 3 0 1 0 14/25 18:22 2:56 0:00
Brandon Carlo 0 0 0 0 2 1 1 1 0 0 0/0 20:32 0:00 2:46
Brett Pesce 0 0 0 1 0 1 1 1 0 0 0/0 20:06 1:15 1:41
Brock Boeser 0 0 0 0 0 3 2 0 1 1 0/1 17:43 2:56 0:00
David Perron 0 1 1 -1 2 2 0 0 0 0 1/1 17:54 1:58 0:07
Dawson Mercer 0 0 0 0 0 3 0 0 0 0 0/0 7:36 1:15 0:00
Derek Grant 1 0 1 1 0 2 0 0 0 0 4/9 11:06 0:00 4:12
Evan Bouchard 0 1 1 2 0 1 0 1 0 0 0/0 24:46 3:39 4:11
Jacob Trouba 0 0 0 0 0 1 2 1 0 1 0/0 20:46 0:00 3:37
Jake DeBrusk 1 0 1 0 0 3 2 1 0 0 0/1 16:28 1:58 0:00
Jeff Carter 0 1 1 1 0 0 0 0 0 0 3/7 13:51 0:00 3:31
Mikael Backlund 0 1 1 0 0 2 4 0 0 0 12/19 16:50 1:58 0:22
Ryker Evans 0 0 0 -1 0 0 0 1 0 0 0/0 12:09 0:00 0:08
Scott Mayfield 0 0 0 0 2 0 1 1 0 0 0/0 16:40 0:00 3:29
Tanner Jeannot 0 0 0 1 0 1 2 0 0 0 0/0 10:57 0:00 4:03
3 Stars
1 - Juuse Saros (EDM)
2 - Jake DeBrusk (EDM)
3 - Derek Grant (EDM)
Power Play
Washington Capitals - 0 on 4 Attempt(s) - 0.00%
Edmonton Oilers - 1 on 3 Attempt(s) - 33.33%
Penalty Kill
Washington Capitals - 2 on 3 Attempt(s) - 66.67%
- Score 0 goal in Penalty Kill
Edmonton Oilers - 4 on 4 Attempt(s) - 100.00%
- Score 1 goal in Penalty Kill
Team Stat
Washington Capitals - Hits : 16 - Faceoff Wins : 30 - Blocked Shots : 9 - Penalty Minutes : 6
Edmonton Oilers - Hits : 22 - Faceoff Wins : 36 - Blocked Shots : 9 - Penalty Minutes : 8
Official
Referees : Brad Watson and Chris Rooney
Linesman : Brad Lazarowich and David Brisebois
Game Notes
No Game Note
Finance
Level 1 -- Attendance: 6000 (100.00%) -- Ticket Income $540,000
Level 2 -- Attendance: 4959 (99.18%) -- Ticket Income $247,950
Level 3 -- Attendance: 2788 (92.93%) -- Ticket Income $83,640
Level 4 -- Attendance: 4582 (91.64%) -- Ticket Income $91,640
Luxury Box -- Attendance: 903 (90.30%) -- Ticket Income $171,570
Game was played at the Rexall Place.
Total Attendance: 19232 (96.16%)
Total Ticket Income: $1,134,800
Other Income: $397,180
Total Income: $1,531,980
Washington Capitals
5 vs 5 Forward
Center Left Wing Right Wing Time % Phy DF OF
1 Brayden Point Alex Ovechkin Jason Robertson 40 1 1 3
2 Nico Hischier Brad Marchand Drake Batherson 30 1 1 3
3 Michael Mcleod Owen Tippett Jordan Kyrou 20 1 1 3
4 Isac Lundestrom Nick Foligno Dominik Kubalik 10 1 1 3
5 vs 5 Defense
Defense Defense Time % Phy DF OF
1 John Carlson David Savard 37 2 3 0
2 Nick Jensen Ian Cole 35 2 3 0
3 Dylan DeMelo Erik Johnson 28 2 3 0
4 John Carlson Ian Cole 0 2 3 0
PowerPlay Forward
Center Left Wing Right Wing Time % Phy DF OF
1 Brayden Point Alex Ovechkin Jason Robertson 60 1 2 2
2 Nico Hischier Owen Tippett Drake Batherson 40 1 2 2
PowerPlay Defense
Defense Defense Time % Phy DF OF
1 David Savard John Carlson 60 1 2 2
2 Dylan DeMelo Nick Jensen 40 1 2 2
Penalty Kill 4 Players Forward
Center Wing Time % Phy DF OF
1 Michael Mcleod Brad Marchand 60 1 2 2
2 Isac Lundestrom Nick Foligno 40 1 2 2
Penalty Kill 4 Players Defense
Defense Defense Time % Phy DF OF
1 David Savard Ian Cole 60 1 2 2
2 Erik Johnson Nick Jensen 40 1 2 2
Penalty Kill - 3 Players Forward
Forward Time % Phy DF OF
1 Michael Mcleod 60 1 2 2
2 Isac Lundestrom 40 1 2 2
Penalty Kill - 3 Players Defense
Defense Defense Time % Phy DF OF
1 David Savard Ian Cole 60 1 2 2
2 Erik Johnson Nick Jensen 40 1 2 2
4 vs 4 Forward
Center Wing Time % Phy DF OF
1 Brayden Point Alex Ovechkin 60 1 2 2
2 Nico Hischier Jason Robertson 40 1 2 2
4 vs 4 Defense
Defense Defense Time % Phy DF OF
1 David Savard John Carlson 60 1 2 2
2 Dylan DeMelo Nick Jensen 40 1 2 2
Last Minutes Offensive
Center Left Wing Right Wing Defense Defense
Brayden Point Alex Ovechkin Jason Robertson David Savard John Carlson
Last Minutes Defensive
Center Left Wing Right Wing Defense Defense
Nico Hischier Brad Marchand Nick Foligno Nick Jensen Ian Cole
Goaltenders
Starting : Jake Oettinger
Backup : Sergei Bobrovsky
Extra Forwards
Normal : Jordan Kyrou, Drake Batherson, Dominik Kubalik - PP : Owen Tippett, Brayden Point - PK : Nico Hischier
Extra Defensemen
Normal : Nick Jensen, Dylan DeMelo, Ian Cole - PP : John Carlson - PK : Nick Jensen, Dylan DeMelo
Penalty Shots
Jason Robertson, Drake Batherson, Brayden Point, Alex Ovechkin, David Savard
Edmonton Oilers
5 vs 5 Forward
Center Left Wing Right Wing Time % Phy DF OF
1 Boone Jenner Adrian Kempe David Perron 34 1 1 3
2 Mikael Backlund Jake DeBrusk Brock Boeser 34 0 2 3
3 Jeff Carter Alex Iafallo Blake Wheeler 20 1 2 2
4 Derek Grant Tanner Jeannot Dawson Mercer 12 1 3 1
5 vs 5 Defense
Defense Defense Time % Phy DF OF
1 Jacob Trouba Brandon Carlo 35 1 3 1
2 Brett Pesce Evan Bouchard 35 0 2 3
3 Ryker Evans Scott Mayfield 25 1 3 1
4 Brandon Carlo Scott Mayfield 5 1 4 0
PowerPlay Forward
Center Left Wing Right Wing Time % Phy DF OF
1 Boone Jenner Adrian Kempe Brock Boeser 60 1 0 4
2 Mikael Backlund Jake DeBrusk David Perron 40 1 0 4
PowerPlay Defense
Defense Defense Time % Phy DF OF
1 Evan Bouchard Blake Wheeler 60 1 1 3
2 Brett Pesce Dawson Mercer 40 0 2 3
Penalty Kill 4 Players Forward
Center Wing Time % Phy DF OF
1 Derek Grant Tanner Jeannot 53 1 4 0
2 Jeff Carter Alex Iafallo 47 1 4 0
Penalty Kill 4 Players Defense
Defense Defense Time % Phy DF OF
1 Brandon Carlo Jacob Trouba 50 2 3 0
2 Scott Mayfield Evan Bouchard 50 2 3 0
Penalty Kill - 3 Players Forward
Forward Time % Phy DF OF
1 Derek Grant 50 1 4 0
2 Mikael Backlund 50 1 4 0
Penalty Kill - 3 Players Defense
Defense Defense Time % Phy DF OF
1 Brandon Carlo Jacob Trouba 50 1 4 0
2 Scott Mayfield Evan Bouchard 50 1 4 0
4 vs 4 Forward
Center Wing Time % Phy DF OF
1 Boone Jenner Adrian Kempe 50 1 2 2
2 Mikael Backlund Brock Boeser 50 0 2 3
4 vs 4 Defense
Defense Defense Time % Phy DF OF
1 Jacob Trouba Brandon Carlo 50 1 3 1
2 Scott Mayfield Evan Bouchard 50 1 1 3
Last Minutes Offensive
Center Left Wing Right Wing Defense Defense
Boone Jenner Adrian Kempe Brock Boeser Brett Pesce Evan Bouchard
Last Minutes Defensive
Center Left Wing Right Wing Defense Defense
Mikael Backlund Derek Grant Tanner Jeannot Brandon Carlo Scott Mayfield
Goaltenders
Starting : Juuse Saros
Backup : Matt Murray
Extra Forwards
Normal : Brock Boeser, Adrian Kempe, Boone Jenner - PP : Jake DeBrusk, Brock Boeser - PK : Mikael Backlund
Extra Defensemen
Normal : Evan Bouchard, Jacob Trouba, Brandon Carlo - PP : Jacob Trouba - PK : Brett Pesce, Brandon Carlo
Penalty Shots
Boone Jenner, Adrian Kempe, Brock Boeser, Jake DeBrusk, Dawson Mercer
% Time on Ice - Washington Capitals
Lines # - Real PCT - Wanted PCT - Time Play
Normal Forward
1 - 35% - 40% - 16:34
2 - 28% - 30% - 13:09
3 - 20% - 20% - 9:40
4 - 17% - 10% - 7:47
Normal Defense
1 - 38% - 37% - 18:07
2 - 34% - 35% - 16:08
3 - 27% - 28% - 12:55
4 - 0% - 0% - 0:00
PP Forward
1 - 57% - 60% - 4:32
2 - 43% - 40% - 3:24
PP Defense
1 - 62% - 60% - 4:54
2 - 38% - 40% - 3:02
PK Forward
1 - 77% - 60% - 3:46
2 - 23% - 40% - 1:08
PK Defense
1 - 70% - 60% - 3:26
2 - 30% - 40% - 1:28
PK3 Forward
1 - 0% - 60%
2 - 0% - 40%
PK3 Defense
1 - 0% - 60%
2 - 0% - 40%
44 Forward
1 - 0% - 60%
2 - 0% - 40%
44 Defense
1 - 0% - 60%
2 - 0% - 40%
Last Minute Offensive - 0:00
Last Minute Defensive - 0:00
Total
Forward - 60:00
Defense - 60:00
|
% Time on Ice - Edmonton Oilers
Lines # - Real PCT - Wanted PCT - Time Play
Normal Forward
1 - 34% - 34% - 16:05
2 - 31% - 34% - 14:51
3 - 21% - 20% - 9:59
4 - 13% - 12% - 6:15
Normal Defense
1 - 37% - 35% - 17:32
2 - 37% - 35% - 17:28
3 - 25% - 25% - 11:38
4 - 1% - 5% - 0:32
PP Forward
1 - 60% - 60% - 2:56
2 - 40% - 40% - 1:58
PP Defense
1 - 74% - 60% - 3:39
2 - 26% - 40% - 1:15
PK Forward
1 - 56% - 53% - 4:25
2 - 44% - 47% - 3:31
PK Defense
1 - 47% - 50% - 3:45
2 - 53% - 50% - 4:11
PK3 Forward
1 - 0% - 50%
2 - 0% - 50%
PK3 Defense
1 - 0% - 50%
2 - 0% - 50%
44 Forward
1 - 0% - 50%
2 - 0% - 50%
44 Defense
1 - 0% - 50%
2 - 0% - 50%
Last Minute Offensive - 0:00
Last Minute Defensive - 0:00
Total
Forward - 60:00
Defense - 60:00
|
Play-by-Play
1st period
0:01 of 1st period - Brayden Point wins face-off versus Boone Jenner in neutral zone.
0:42 of 1st period - Snap shot by Mikael Backlund.
0:42 of 1st period - Shot Misses the Net.
0:54 of 1st period - Backhand shot by Jordan Kyrou.
0:54 of 1st period - Stopped by Juuse Saros with a rebound.
0:56 of 1st period - Slapshot by John Carlson.
0:56 of 1st period - Stopped by Juuse Saros without a rebound.
0:57 of 1st period - Derek Grant wins face-off versus Michael Mcleod in Edmonton Oilers zone.
1:02 of 1st period - Snap shot by Dawson Mercer.
1:02 of 1st period - Shot Hit the Post.
1:04 of 1st period - Snap shot by Derek Grant.
1:04 of 1st period - Shot Blocked by Ian Cole.
1:06 of 1st period - Slapshot by Scott Mayfield.
1:06 of 1st period - Shot Blocked by Nick Jensen.
1:08 of 1st period - Slapshot by Dawson Mercer.
1:08 of 1st period - Shot Blocked by Nick Jensen.
1:24 of 1st period - Isac Lundestrom is hit by Scott Mayfield and loses puck.
1:55 of 1st period - Snap shot by Jason Robertson.
1:55 of 1st period - Shot Misses the Net.
2:15 of 1st period - Evan Bouchard is hit by Drake Batherson and loses puck.
2:42 of 1st period - Snap shot by Jordan Kyrou.
2:42 of 1st period - Stopped by Juuse Saros without a rebound.
2:43 of 1st period - Jeff Carter wins face-off versus Brayden Point in Edmonton Oilers zone.
2:43 of 1st period - Jeff Carter is hit by Erik Johnson.
3:09 of 1st period - Erik Johnson is hit by Adrian Kempe and loses puck.
3:20 of 1st period - Slapshot by Adrian Kempe.
3:20 of 1st period - Stopped by Jake Oettinger with a rebound.
3:52 of 1st period - Slapshot by Owen Tippett.
3:52 of 1st period - Stopped by Juuse Saros without a rebound.
3:53 of 1st period - Owen Tippett wins face-off versus Derek Grant in Edmonton Oilers zone.
3:56 of 1st period - Wrist shot by Jordan Kyrou.
3:56 of 1st period - Stopped by Juuse Saros with a rebound.
4:00 of 1st period - Snap shot by Jordan Kyrou.
4:00 of 1st period - Shot Blocked by Brett Pesce.
4:02 of 1st period - Slapshot by Owen Tippett.
4:02 of 1st period - Shot Blocked by Evan Bouchard.
4:04 of 1st period - Snap shot by Michael Mcleod.
4:04 of 1st period - Shot Misses the Net.
4:06 of 1st period - Snap shot by Michael Mcleod.
4:06 of 1st period - Shot Misses the Net.
4:08 of 1st period - Snap shot by Michael Mcleod.
4:08 of 1st period - Shot Misses the Net.
4:23 of 1st period - Brad Marchand is hit by Tanner Jeannot and loses puck.
4:49 of 1st period - Slapshot by Boone Jenner.
4:49 of 1st period - Stopped by Jake Oettinger without a rebound.
4:50 of 1st period - Brayden Point wins face-off versus Mikael Backlund in Washington Capitals zone.
4:56 of 1st period - Slapshot by Ian Cole.
4:56 of 1st period - Stopped by Juuse Saros without a rebound.
4:57 of 1st period - Mikael Backlund wins face-off versus Brayden Point in Edmonton Oilers zone.
5:06 of 1st period - Wrist shot by Mikael Backlund.
5:06 of 1st period - Stopped by Jake Oettinger without a rebound.
5:07 of 1st period - Boone Jenner wins face-off versus Brayden Point in Washington Capitals zone.
5:36 of 1st period - Wrist shot by Brock Boeser.
5:36 of 1st period - Shot Blocked by David Savard.
6:04 of 1st period - Snap shot by Blake Wheeler.
6:04 of 1st period - Stopped by Jake Oettinger with a rebound.
7:03 of 1st period - Ian Cole is hit by Jake DeBrusk and loses puck.
7:22 of 1st period - Blake Wheeler is hit by Nick Jensen and loses puck.
7:44 of 1st period - Slapshot by Adrian Kempe.
7:44 of 1st period - Stopped by Jake Oettinger with a rebound.
7:46 of 1st period - Backhand shot by Evan Bouchard.
7:46 of 1st period - Shot Misses the Net.
7:48 of 1st period - Snap shot by Boone Jenner.
7:48 of 1st period - Stopped by Jake Oettinger with a rebound.
7:50 of 1st period - Slapshot by Brett Pesce.
7:50 of 1st period - Stopped by Jake Oettinger without a rebound.
7:51 of 1st period - Brayden Point wins face-off versus Mikael Backlund in Washington Capitals zone.
8:09 of 1st period - Erik Johnson is hit by Mikael Backlund and loses puck.
8:46 of 1st period - Snap shot by Blake Wheeler.
8:46 of 1st period - Stopped by Jake Oettinger with a rebound.
8:52 of 1st period - Alex Iafallo is hit by Ian Cole and loses puck.
9:25 of 1st period - Snap shot by Brad Marchand.
9:25 of 1st period - Shot Misses the Net.
9:27 of 1st period - Snap shot by Nick Jensen.
9:27 of 1st period - Stopped by Juuse Saros without a rebound.
9:28 of 1st period - Nico Hischier wins face-off versus Jake DeBrusk in Edmonton Oilers zone.
9:29 of 1st period - Wrist shot by Brad Marchand.
9:29 of 1st period - Shot Misses the Net.
10:01 of 1st period - Boone Jenner is hit by Alex Ovechkin and loses puck.
10:22 of 1st period - Tanner Jeannot is hit by Michael Mcleod and loses puck.
10:45 of 1st period - Wrist shot by Nick Foligno.
10:45 of 1st period - Shot Misses the Net.
11:14 of 1st period - Wrist shot by Brad Marchand.
11:14 of 1st period - Deflect By Drake Batherson.
11:14 of 1st period - Shot Misses the Net.
11:14 of 1st period - Puck is out of play.
11:15 of 1st period - Brayden Point wins face-off versus Jeff Carter in Edmonton Oilers zone.
11:20 of 1st period - Snap shot by Alex Ovechkin.
11:20 of 1st period - Stopped by Juuse Saros without a rebound.
11:21 of 1st period - Boone Jenner wins face-off versus Brayden Point in Edmonton Oilers zone.
11:35 of 1st period - Wrist shot by Boone Jenner.
11:35 of 1st period - Stopped by Jake Oettinger with a rebound.
12:23 of 1st period - Nick Jensen is hit by Brock Boeser and loses puck.
13:25 of 1st period - Snap shot by Dawson Mercer.
13:25 of 1st period - Stopped by Jake Oettinger with a rebound.
13:59 of 1st period - Slapshot by Jordan Kyrou.
13:59 of 1st period - Stopped by Juuse Saros with a rebound.
14:06 of 1st period - Minor Penalty to Michael Mcleod for Slashing.
14:07 of 1st period - Nico Hischier wins face-off versus Boone Jenner in Washington Capitals zone.
14:17 of 1st period - David Savard is hit by Boone Jenner and loses puck.
15:54 of 1st period - David Savard is hit by Mikael Backlund and loses puck.
16:06 of 1st period - Penalty to Michael Mcleod is over, Michael Mcleod is back on ice.
16:22 of 1st period - Michael Mcleod is hit by Tanner Jeannot.
16:43 of 1st period - Jacob Trouba is hit by Nick Foligno and loses puck.
17:16 of 1st period - Snap shot by Jason Robertson.
17:16 of 1st period - Shot Misses the Net.
17:29 of 1st period - John Carlson is hit by Jacob Trouba and loses puck.
19:13 of 1st period - Icing by David Savard.
19:14 of 1st period - Drake Batherson wins face-off versus Boone Jenner in Washington Capitals zone.
19:22 of 1st period - Minor Penalty to Jason Robertson for Goalie Interference.
19:23 of 1st period - Michael Mcleod wins face-off versus Boone Jenner in Washington Capitals zone.
19:33 of 1st period - Snap shot by Adrian Kempe.
19:33 of 1st period - Shot Misses the Net.
19:51 of 1st period - David Perron is hit by Isac Lundestrom and loses puck.
Goals for this period are 0 for Washington Capitals vs 0 for Edmonton Oilers.
Shots for this period are 9 for Washington Capitals vs 10 for Edmonton Oilers.
2nd period
0:01 of 2nd period - Boone Jenner wins face-off versus Michael Mcleod in neutral zone.
0:22 of 2nd period - Icing by Adrian Kempe.
0:23 of 2nd period - Boone Jenner wins face-off versus Isac Lundestrom in Edmonton Oilers zone.
0:56 of 2nd period - Isac Lundestrom is hit by Boone Jenner and loses puck.
1:05 of 2nd period - Snap shot by Brock Boeser.
1:05 of 2nd period - Stopped by Jake Oettinger without a rebound.
1:06 of 2nd period - Mikael Backlund wins face-off versus Michael Mcleod in Washington Capitals zone.
1:21 of 2nd period - Snap shot by Jake DeBrusk.
1:21 of 2nd period - Goal by Jake DeBrusk - Washington Capitals : 0 - Edmonton Oilers : 1.
1:22 of 2nd period - Mikael Backlund wins face-off versus Brayden Point in neutral zone.
1:25 of 2nd period - Wrist shot by Brock Boeser.
1:25 of 2nd period - Stopped by Jake Oettinger without a rebound.
1:26 of 2nd period - Brayden Point wins face-off versus Mikael Backlund in Washington Capitals zone.
1:55 of 2nd period - Off-side.
1:56 of 2nd period - Boone Jenner wins face-off versus Nico Hischier in neutral zone.
2:25 of 2nd period - Snap shot by Brad Marchand.
2:25 of 2nd period - Stopped by Juuse Saros without a rebound.
2:26 of 2nd period - Mikael Backlund wins face-off versus Brayden Point in Edmonton Oilers zone.
2:41 of 2nd period - Wrist shot by Brock Boeser.
2:41 of 2nd period - Shot Blocked by Alex Ovechkin.
3:20 of 2nd period - Snap shot by David Perron.
3:20 of 2nd period - Deflect By Brad Marchand.
3:20 of 2nd period - Shot Misses the Net.
3:20 of 2nd period - Puck is out of play.
3:21 of 2nd period - Nico Hischier wins face-off versus Boone Jenner in Washington Capitals zone.
3:26 of 2nd period - Wrist shot by Brad Marchand.
3:26 of 2nd period - Stopped by Juuse Saros with a rebound.
3:42 of 2nd period - Wrist shot by Adrian Kempe.
3:42 of 2nd period - Stopped by Jake Oettinger without a rebound.
3:43 of 2nd period - Mikael Backlund wins face-off versus Alex Ovechkin in Washington Capitals zone.
4:36 of 2nd period - Icing by Michael Mcleod.
4:37 of 2nd period - Jeff Carter wins face-off versus Michael Mcleod in Washington Capitals zone.
4:42 of 2nd period - Slapshot by Blake Wheeler.
4:42 of 2nd period - Goal by Blake Wheeler - Washington Capitals : 0 - Edmonton Oilers : 2.
4:43 of 2nd period - Brayden Point wins face-off versus Mikael Backlund in neutral zone.
4:46 of 2nd period - Backhand shot by Brayden Point.
4:46 of 2nd period - Shot Blocked by Jake DeBrusk.
4:52 of 2nd period - Wrist shot by Brock Boeser.
4:52 of 2nd period - Deflect By Brayden Point.
4:52 of 2nd period - Shot Misses the Net.
4:52 of 2nd period - Puck is out of play.
4:53 of 2nd period - Mikael Backlund wins face-off versus Brayden Point in Washington Capitals zone.
5:10 of 2nd period - Snap shot by Mikael Backlund.
5:10 of 2nd period - Stopped by Jake Oettinger without a rebound.
5:11 of 2nd period - Boone Jenner wins face-off versus Nico Hischier in Washington Capitals zone.
5:26 of 2nd period - Wrist shot by Adrian Kempe.
5:26 of 2nd period - Shot Misses the Net.
5:55 of 2nd period - Minor Penalty to Brandon Carlo for High sticking.
5:56 of 2nd period - Brayden Point wins face-off versus Derek Grant in Edmonton Oilers zone.
7:55 of 2nd period - Penalty to Brandon Carlo is over, Brandon Carlo is back on ice.
8:27 of 2nd period - Jordan Kyrou is hit by Jake DeBrusk and loses puck.
8:36 of 2nd period - Michael Mcleod is hit by Mikael Backlund and loses puck.
9:23 of 2nd period - Slapshot by Boone Jenner.
9:23 of 2nd period - Stopped by Jake Oettinger with a rebound.
9:39 of 2nd period - Snap shot by Dawson Mercer.
9:39 of 2nd period - Stopped by Jake Oettinger with a rebound.
10:22 of 2nd period - John Carlson is hit by Boone Jenner and loses puck.
10:48 of 2nd period - Slapshot by Blake Wheeler.
10:48 of 2nd period - Stopped by Jake Oettinger without a rebound.
10:49 of 2nd period - Mikael Backlund wins face-off versus Isac Lundestrom in Washington Capitals zone.
10:56 of 2nd period - Slapshot by Jake DeBrusk.
10:56 of 2nd period - Stopped by Jake Oettinger with a rebound.
10:58 of 2nd period - Slapshot by Jacob Trouba.
10:58 of 2nd period - Stopped by Jake Oettinger without a rebound.
10:59 of 2nd period - Mikael Backlund wins face-off versus Brayden Point in Washington Capitals zone.
11:06 of 2nd period - Wrist shot by Jake DeBrusk.
11:06 of 2nd period - Stopped by Jake Oettinger with a rebound.
11:08 of 2nd period - Slapshot by Brandon Carlo.
11:08 of 2nd period - Shot Blocked by John Carlson.
11:10 of 2nd period - Snap shot by Mikael Backlund.
11:10 of 2nd period - Shot Misses the Net.
11:12 of 2nd period - Slapshot by Brandon Carlo.
11:12 of 2nd period - Stopped by Jake Oettinger without a rebound.
11:13 of 2nd period - Boone Jenner wins face-off versus Brayden Point in Washington Capitals zone.
11:28 of 2nd period - Wrist shot by Brayden Point.
11:28 of 2nd period - Shot Misses the Net.
12:53 of 2nd period - Snap shot by David Perron.
12:53 of 2nd period - Shot Misses the Net.
12:55 of 2nd period - Snap shot by Boone Jenner.
12:55 of 2nd period - Deflect By David Perron.
12:55 of 2nd period - Stopped by Jake Oettinger without a rebound.
12:56 of 2nd period - Nico Hischier wins face-off versus Brock Boeser in Washington Capitals zone.
13:01 of 2nd period - Wrist shot by Nico Hischier.
13:01 of 2nd period - Shot Misses the Net.
13:03 of 2nd period - Slapshot by David Savard.
13:03 of 2nd period - Stopped by Juuse Saros without a rebound.
13:04 of 2nd period - Mikael Backlund wins face-off versus Brad Marchand in Edmonton Oilers zone.
13:04 of 2nd period - Mikael Backlund is hit by John Carlson.
13:22 of 2nd period - Wrist shot by Brock Boeser.
13:22 of 2nd period - Stopped by Jake Oettinger without a rebound.
13:23 of 2nd period - Adrian Kempe wins face-off versus Brayden Point in Washington Capitals zone.
13:50 of 2nd period - Brad Marchand is hit by Brock Boeser and loses puck.
13:57 of 2nd period - Snap shot by Drake Batherson.
13:57 of 2nd period - Shot Misses the Net.
13:59 of 2nd period - Slapshot by John Carlson.
13:59 of 2nd period - Deflect By Drake Batherson.
13:59 of 2nd period - Shot Blocked by Brandon Carlo.
13:59 of 2nd period - Puck is out of play.
14:00 of 2nd period - Jeff Carter wins face-off versus Brayden Point in Edmonton Oilers zone.
14:34 of 2nd period - David Perron is hit by Drake Batherson and loses puck.
15:23 of 2nd period - Snap shot by Nick Foligno.
15:23 of 2nd period - Shot Misses the Net.
15:25 of 2nd period - Slapshot by Ian Cole.
15:25 of 2nd period - Shot Blocked by Ryker Evans.
15:47 of 2nd period - Snap shot by Blake Wheeler.
15:47 of 2nd period - Stopped by Jake Oettinger with a rebound.
15:55 of 2nd period - Minor Penalty to Scott Mayfield for Tripping.
15:56 of 2nd period - Brayden Point wins face-off versus Derek Grant in Edmonton Oilers zone.
16:15 of 2nd period - Tanner Jeannot is hit by Jason Robertson.
16:27 of 2nd period - Wrist shot by Nico Hischier.
16:27 of 2nd period - Deflect By Drake Batherson.
16:27 of 2nd period - Shot Misses the Net.
16:27 of 2nd period - Puck is out of play.
16:28 of 2nd period - Nico Hischier wins face-off versus Alex Iafallo in Edmonton Oilers zone.
17:05 of 2nd period - Wrist shot by Nico Hischier.
17:05 of 2nd period - Shot Blocked by Alex Iafallo.
17:07 of 2nd period - Snap shot by Drake Batherson.
17:07 of 2nd period - Deflect By Alex Iafallo.
17:07 of 2nd period - Stopped by Juuse Saros with a rebound.
17:09 of 2nd period - Snap shot by Nico Hischier.
17:09 of 2nd period - Deflect By Drake Batherson.
17:09 of 2nd period - Shot Hit the Post.
17:09 of 2nd period - Puck is out of play.
17:10 of 2nd period - Derek Grant wins face-off versus Brayden Point in Edmonton Oilers zone.
17:43 of 2nd period - Slapshot by John Carlson.
17:43 of 2nd period - Shot Blocked by Jacob Trouba.
17:55 of 2nd period - Penalty to Scott Mayfield is over, Scott Mayfield is back on ice.
18:15 of 2nd period - Off-side.
18:16 of 2nd period - Boone Jenner wins face-off versus Nick Foligno in neutral zone.
18:25 of 2nd period - Wrist shot by Adrian Kempe.
18:25 of 2nd period - Deflect By Dominik Kubalik.
18:25 of 2nd period - Shot Misses the Net.
18:25 of 2nd period - Puck is out of play.
18:26 of 2nd period - David Perron wins face-off versus Isac Lundestrom in Washington Capitals zone.
18:35 of 2nd period - Wrist shot by Adrian Kempe.
18:35 of 2nd period - Stopped by Jake Oettinger without a rebound.
18:36 of 2nd period - Brayden Point wins face-off versus Boone Jenner in Washington Capitals zone.
18:36 of 2nd period - Brayden Point is hit by Adrian Kempe.
19:47 of 2nd period - Nick Foligno is hit by Brett Pesce and loses puck.
Goals for this period are 0 for Washington Capitals vs 2 for Edmonton Oilers.
Shots for this period are 4 for Washington Capitals vs 17 for Edmonton Oilers.
3rd period
0:01 of 3rd period - Brayden Point wins face-off versus Mikael Backlund in neutral zone.
0:10 of 3rd period - Snap shot by Jason Robertson.
0:10 of 3rd period - Stopped by Juuse Saros with a rebound.
0:12 of 3rd period - Snap shot by John Carlson.
0:12 of 3rd period - Stopped by Juuse Saros with a rebound.
0:14 of 3rd period - Snap shot by David Savard.
0:14 of 3rd period - Shot Blocked by Scott Mayfield.
0:16 of 3rd period - Slapshot by David Savard.
0:16 of 3rd period - Shot Misses the Net.
0:26 of 3rd period - Drake Batherson is hit by Adrian Kempe and loses puck.
0:31 of 3rd period - Wrist shot by Adrian Kempe.
0:31 of 3rd period - Stopped by Jake Oettinger with a rebound.
1:33 of 3rd period - Icing by Jake DeBrusk.
1:34 of 3rd period - Mikael Backlund wins face-off versus Brayden Point in Edmonton Oilers zone.
2:40 of 3rd period - Slapshot by Alex Ovechkin.
2:40 of 3rd period - Stopped by Juuse Saros with a rebound.
2:42 of 3rd period - Wrist shot by Alex Ovechkin.
2:42 of 3rd period - Shot Misses the Net.
3:06 of 3rd period - Wrist shot by Alex Ovechkin.
3:06 of 3rd period - Stopped by Juuse Saros without a rebound.
3:07 of 3rd period - Boone Jenner wins face-off versus Nico Hischier in Edmonton Oilers zone.
3:34 of 3rd period - Alex Iafallo is hit by Owen Tippett and loses puck.
3:46 of 3rd period - Icing by Michael Mcleod.
3:47 of 3rd period - Owen Tippett wins face-off versus Boone Jenner in Washington Capitals zone.
4:22 of 3rd period - David Savard is hit by Alex Iafallo and loses puck.
5:17 of 3rd period - Nico Hischier is hit by Jacob Trouba and loses puck.
5:42 of 3rd period - Snap shot by Jake DeBrusk.
5:42 of 3rd period - Shot Misses the Net.
5:56 of 3rd period - Snap shot by Brad Marchand.
5:56 of 3rd period - Stopped by Juuse Saros without a rebound.
5:57 of 3rd period - Nico Hischier wins face-off versus Boone Jenner in Edmonton Oilers zone.
6:02 of 3rd period - Snap shot by Brad Marchand.
6:02 of 3rd period - Goal by Brad Marchand - Washington Capitals : 1 - Edmonton Oilers : 2.
6:03 of 3rd period - Brayden Point wins face-off versus Boone Jenner in neutral zone.
6:08 of 3rd period - Slapshot by Jason Robertson.
6:08 of 3rd period - Stopped by Juuse Saros with a rebound.
6:18 of 3rd period - Slapshot by Boone Jenner.
6:18 of 3rd period - Shot Misses the Net.
6:20 of 3rd period - Wrist shot by David Perron.
6:20 of 3rd period - Stopped by Jake Oettinger without a rebound.
6:21 of 3rd period - Nico Hischier wins face-off versus Mikael Backlund in Washington Capitals zone.
6:37 of 3rd period - Snap shot by Brad Marchand.
6:37 of 3rd period - Stopped by Juuse Saros with a rebound.
6:47 of 3rd period - Brayden Point is hit by Brandon Carlo and loses puck.
7:59 of 3rd period - Wrist shot by Brock Boeser.
7:59 of 3rd period - Shot Misses the Net.
8:12 of 3rd period - Icing by David Perron.
8:13 of 3rd period - Brayden Point wins face-off versus Boone Jenner in Edmonton Oilers zone.
8:22 of 3rd period - Wrist shot by Alex Ovechkin.
8:22 of 3rd period - Stopped by Juuse Saros with a rebound.
9:12 of 3rd period - Slapshot by Jason Robertson.
9:12 of 3rd period - Shot Misses the Net.
9:27 of 3rd period - Off-side.
9:28 of 3rd period - Mikael Backlund wins face-off versus Brad Marchand in neutral zone.
9:57 of 3rd period - Slapshot by Nick Jensen.
9:57 of 3rd period - Stopped by Juuse Saros without a rebound.
9:58 of 3rd period - Michael Mcleod wins face-off versus Jeff Carter in Edmonton Oilers zone.
10:56 of 3rd period - Snap shot by Dawson Mercer.
10:56 of 3rd period - Stopped by Jake Oettinger without a rebound.
10:57 of 3rd period - Boone Jenner wins face-off versus Alex Ovechkin in Washington Capitals zone.
11:12 of 3rd period - Slapshot by Adrian Kempe.
11:12 of 3rd period - Shot Misses the Net.
11:14 of 3rd period - Wrist shot by Adrian Kempe.
11:14 of 3rd period - Stopped by Jake Oettinger with a rebound.
11:33 of 3rd period - Wrist shot by Brock Boeser.
11:33 of 3rd period - Deflect By Mikael Backlund.
11:33 of 3rd period - Shot Blocked by John Carlson.
11:33 of 3rd period - Puck is out of play.
11:34 of 3rd period - Nico Hischier wins face-off versus Boone Jenner in Washington Capitals zone.
11:47 of 3rd period - Slapshot by Drake Batherson.
11:47 of 3rd period - Stopped by Juuse Saros with a rebound.
11:49 of 3rd period - Minor Penalty to David Perron for Tripping.
11:50 of 3rd period - Derek Grant wins face-off versus Brayden Point in Edmonton Oilers zone.
11:57 of 3rd period - Snap shot by Derek Grant.
11:57 of 3rd period - Goal by Derek Grant - Washington Capitals : 1 - Edmonton Oilers : 3.
11:58 of 3rd period - Derek Grant wins face-off versus Brayden Point in neutral zone.
12:09 of 3rd period - Snap shot by Tanner Jeannot.
12:09 of 3rd period - Shot Misses the Net.
12:11 of 3rd period - Snap shot by Evan Bouchard.
12:11 of 3rd period - Shot Blocked by John Carlson.
12:13 of 3rd period - Snap shot by Evan Bouchard.
12:13 of 3rd period - Shot Blocked by David Savard.
13:38 of 3rd period - Icing by Brayden Point.
13:39 of 3rd period - Brayden Point wins face-off versus Jeff Carter in Washington Capitals zone.
13:49 of 3rd period - Penalty to David Perron is over, David Perron is back on ice.
14:03 of 3rd period - Snap shot by Owen Tippett.
14:03 of 3rd period - Deflect By Michael Mcleod.
14:03 of 3rd period - Shot Misses the Net.
14:03 of 3rd period - Puck is out of play.
14:04 of 3rd period - Michael Mcleod wins face-off versus Mikael Backlund in Edmonton Oilers zone.
14:11 of 3rd period - Slapshot by Jordan Kyrou.
14:11 of 3rd period - Shot Misses the Net.
14:15 of 3rd period - Wrist shot by Owen Tippett.
14:15 of 3rd period - Stopped by Juuse Saros with a rebound.
14:17 of 3rd period - Wrist shot by David Savard.
14:17 of 3rd period - Stopped by Juuse Saros with a rebound.
14:19 of 3rd period - Slapshot by David Savard.
14:19 of 3rd period - Stopped by Juuse Saros without a rebound.
14:20 of 3rd period - Boone Jenner wins face-off versus Brayden Point in Edmonton Oilers zone.
14:20 of 3rd period - Boone Jenner is hit by Brayden Point.
14:26 of 3rd period - Jacob Trouba is hit by Jason Robertson and loses puck.
15:01 of 3rd period - Nico Hischier is hit by Mikael Backlund and loses puck.
15:24 of 3rd period - Snap shot by Owen Tippett.
15:24 of 3rd period - Stopped by Juuse Saros without a rebound.
15:25 of 3rd period - Boone Jenner wins face-off versus Brayden Point in Edmonton Oilers zone.
15:25 of 3rd period - Boone Jenner is hit by Jason Robertson.
15:55 of 3rd period - Snap shot by Owen Tippett.
15:55 of 3rd period - Shot Blocked by Blake Wheeler.
15:57 of 3rd period - Wrist shot by Michael Mcleod.
15:57 of 3rd period - Stopped by Juuse Saros without a rebound.
15:58 of 3rd period - Michael Mcleod wins face-off versus Jeff Carter in Edmonton Oilers zone.
15:59 of 3rd period - Snap shot by Jordan Kyrou.
15:59 of 3rd period - Stopped by Juuse Saros without a rebound.
16:00 of 3rd period - Blake Wheeler wins face-off versus Michael Mcleod in Edmonton Oilers zone.
16:07 of 3rd period - Snap shot by Jordan Kyrou.
16:07 of 3rd period - Stopped by Juuse Saros with a rebound.
16:09 of 3rd period - Slapshot by Erik Johnson.
16:09 of 3rd period - Stopped by Juuse Saros with a rebound.
16:11 of 3rd period - Snap shot by Owen Tippett.
16:11 of 3rd period - Stopped by Juuse Saros with a rebound.
16:13 of 3rd period - Wrist shot by Jordan Kyrou.
16:13 of 3rd period - Stopped by Juuse Saros with a rebound.
16:21 of 3rd period - Minor Penalty to Blake Wheeler for High sticking.
16:22 of 3rd period - Brayden Point wins face-off versus Derek Grant in Edmonton Oilers zone.
16:49 of 3rd period - Evan Bouchard is hit by John Carlson and loses puck.
17:12 of 3rd period - Wrist shot by Derek Grant.
17:12 of 3rd period - Stopped by Jake Oettinger with a rebound.
17:14 of 3rd period - Snap shot by Tanner Jeannot.
17:14 of 3rd period - Stopped by Jake Oettinger without a rebound.
17:15 of 3rd period - Nico Hischier wins face-off versus Derek Grant in Washington Capitals zone.
17:46 of 3rd period - Wrist shot by Brayden Point.
17:46 of 3rd period - Shot Misses the Net.
18:21 of 3rd period - Penalty to Blake Wheeler is over, Blake Wheeler is back on ice.
18:38 of 3rd period - Slapshot by Evan Bouchard.
18:38 of 3rd period - Stopped by Jake Oettinger without a rebound.
18:39 of 3rd period - Boone Jenner wins face-off versus Isac Lundestrom in Washington Capitals zone.
19:03 of 3rd period - Minor Penalty to Dominik Kubalik for Elbowing.
19:04 of 3rd period - Boone Jenner wins face-off versus Michael Mcleod in Washington Capitals zone.
19:39 of 3rd period - Slapshot by Mikael Backlund.
19:39 of 3rd period - Deflect By David Perron.
19:39 of 3rd period - Shot Misses the Net.
19:39 of 3rd period - Puck is out of play.
19:40 of 3rd period - Mikael Backlund wins face-off versus Isac Lundestrom in Washington Capitals zone.
Goals for this period are 1 for Washington Capitals vs 1 for Edmonton Oilers.
Shots for this period are 21 for Washington Capitals vs 8 for Edmonton Oilers.
Back to the Top